 Dungeon Crawl Stone Soup version 0.27.1 (webtiles) character file.

Game seed: 10505692675639875594

1992 Ishikawa the Conjurer (level 9, -16/65 HPs)
             Began as a Gnoll Conjurer on Aug 22, 2021.
             Was a Follower of Sif Muna.
             Demolished by a boulder beetle (18 damage)
             ... on level 6 of the Dungeon.
             The game lasted 00:25:21 (6349 turns).

Ishikawa the Conjurer (Gnoll Conjurer)              Turns: 6349, Time: 00:25:22

Health: -16/65     AC:  4    Str:  7    XL:     9   Next: 21%
Magic:  12/18      EV: 13    Int: 21    God:    Sif Muna [*.....]
Gold:   398        SH:  0    Dex: 10    Spells: 11/21 levels left

rFire    . . .     SeeInvis .   q - +6 club
rCold    . . .     Faith    .   (no shield)
rNeg     . . .     Spirit   .   t - +2 robe {Archmagi}
rPois    .         Reflect  .   (no helmet)
rElec    .         Harm     .   (no cloak)
rCorr    .         Rampage  .   (no gloves)
Will     .....     Archmagi +   (no boots)
Stlth    +++.......             (no amulet)
HPRegen  0.20/turn              (no ring)
MPRegen  0.16/turn              (no ring)

@: no status effects
A: fangs 1, strong nose, distributed training
a: Renounce Religion, Channel Magic


You were on level 6 of the Dungeon.
You worshipped Sif Muna.
Sif Muna was aware of your devotion.
You visited 2 branches of the dungeon, and saw 7 of its levels.

You collected 398 gold pieces.

Inventory:

Hand Weapons
 a - a +0 short sword
 d - a +3 short sword
 j - a +0 halberd of flaming
 q - a +6 club (weapon)
 u - a +1 quarterstaff of holy wrath
 v - a +3 scythe
 x - a +1 whip of electrocution
 C - a +3 war axe of freezing
 E - a +3 dagger of flaming
Armour
 f - a +0 robe
 k - a +1 kite shield
 t - a +2 robe of the Archmagi (worn)
Magical Staves
 n - a staff of air
Jewellery
 F - a ring of protection from fire
Wands
 i - a wand of iceblast (28)
 p - a wand of paralysis (24)
 A - a wand of flame (45)
Scrolls
 b - a scroll of identify
 c - a scroll of vulnerability
 g - a scroll of teleportation
 w - 4 scrolls of enchant armour
 y - 3 scrolls of fear
 z - a scroll of magic mapping {unknown}
 B - a scroll of fog {unknown}
Potions
 e - 2 potions of might
 h - 5 potions of curing
 l - a potion of ambrosia
 o - a potion of degeneration
 r - a potion of attraction {unknown}
 s - 2 potions of lignification
 D - a potion of berserk rage


   Skills:
 + Level 4.0 Fighting
 + Level 4.0 Short Blades
 + Level 4.0 Long Blades
 + Level 4.0 Axes
 + Level 4.0 Maces & Flails
 + Level 4.0 Polearms
 + Level 4.0 Staves
 + Level 4.0 Slings
 + Level 4.0 Bows
 + Level 4.0 Crossbows
 + Level 4.0 Throwing
 + Level 4.0 Armour
 + Level 6.1 Dodging
 + Level 5.9 Stealth
 + Level 4.0 Shields
 + Level 4.0 Unarmed Combat
 + Level 6.5 Spellcasting
 + Level 7.9 Conjurations
 + Level 3.3 Hexes
 + Level 3.3 Summonings
 + Level 3.3 Necromancy
 + Level 3.3 Translocations
 + Level 3.3 Transmutations
 + Level 3.3 Fire Magic
 + Level 3.3 Ice Magic
 + Level 3.3 Air Magic
 + Level 3.3 Earth Magic
 + Level 3.3 Poison Magic
 + Level 4.4 Invocations
 + Level 4.0 Evocations


You had 11 spell levels left.
You knew the following spells:

 Your Spells              Type           Power      Damage    Failure   Level
a - Magic Dart            Conj           100%       1d8       1%          1
b - Searing Ray           Conj           100%       3d7       1%          2
c - Dazzling Flash        Conj/Hex       90%        N/A       2%          3
d - Iskenderun's Mystic   Conj/Tloc      45%        2d10      9%          4

Your spell library contained the following spells:

 Spells                   Type           Power      Damage    Failure   Level
 Fulminant Prism          Conj/Hex       22%        3d13      9%          4


Dungeon Overview and Level Annotations

Branches:
Dungeon (6/15)             Temple (1/1) D:4

Altars:
Ashenzari
Cheibriados
Dithmenos
Fedhas
Gozag
Hepliaklqana
Kikubaaqudgha
Makhleb
Nemelex Xobeh
Okawaru
Qazlal
Ru
Sif Muna
Uskayaw
Vehumet
Wu Jian
Xom
Zin
The Shining One
Beogh

Annotations:
D:5 3 runed translucent doors, LemonRage's ghost, novice DEIE
D:6 1 transporter


Innate Abilities, Weirdness & Mutations

You have very sharp teeth.
Your uncanny sense of smell can sniff out nearby items.
Your experience applies equally to all skills.


Message History

The boulder beetle is heavily wounded.
You finish channeling your searing ray.
The boulder beetle leaps!
Magic courses through your body.
Casting: Searing Ray (safe; 1% risk of failure)
Confirm with . or Enter, or press ? or * to list all spells.
Aiming: Searing Ray (safe; 1% risk of failure)
Press: ? - help, Shift-Dir - straight line, f/p - boulder beetle
Aim: a boulder beetle (heavily wounded, 100% to hit)
You feel a surge of power!
The searing ray hits the boulder beetle but does no damage.
The boulder beetle is heavily wounded. (Press . to maintain the ray.)
The searing ray hits the boulder beetle but does no damage.
The boulder beetle is heavily wounded.
The boulder beetle curls into a ball and begins rolling!
Casting: Searing Ray (safe; 1% risk of failure)
Confirm with . or Enter, or press ? or * to list all spells.
Aiming: Searing Ray (safe; 1% risk of failure)
Press: ? - help, Shift-Dir - straight line, f/p - boulder beetle
Aim: a boulder beetle (heavily wounded, rolling, 100% to hit)
You feel a surge of power!
The searing ray hits the boulder beetle but does no damage.
The boulder beetle is heavily wounded. (Press . to maintain the ray.)
The boulder beetle misses you.
The boulder beetle stops rolling and uncurls.
The searing ray hits the boulder beetle but does no damage.
The boulder beetle is heavily wounded.
The boulder beetle bites you!
The searing ray hits the boulder beetle but does no damage.
The boulder beetle is heavily wounded.
The boulder beetle bites you but does no damage.
The searing ray hits the boulder beetle.
The boulder beetle is heavily wounded.
You finish channeling your searing ray.
The boulder beetle bites you!!
* * * LOW HITPOINT WARNING * * *
The boulder beetle bites you!
* * * LOW HITPOINT WARNING * * *
The boulder beetle bites you!!
You die...

.#.#.#.........#.###...#.#.....#
##.#.#.##.#.##.#>.......)......#
#.#.#..#.#.##......©..........#
#.#†#..#.......#########......#
#.#.#.####.##.##8.[...8##...###
#.#.#......##.#©........#....#
#.#.######.##.#.##...##.#....##
#.#...)....##.#.##...##.#.##..#
#.########.##.#@...©....#.###.#
#.# #.##.#B##...##.#.# #.## #.#
#.##.#.##.○.##.#.# #..# #.#
#.##.#..○B.....#.# ##.# #.#
#.##.##8.$().8##.# #.. #.#
#.##..#########..# ##. #.#
#.###.....©......# #. #.# #.#
#####...####.# #. #.# #.# ##.##
#.#####.


You could see a boulder beetle.

Vanquished Creatures
  Grinder (D:4)
  Sigmund (D:4)
  The ghost of BOMJPIETVODKU the Ruffian, an amateur DrTm of Vehumet (D:6)
  Duvessa (D:6)
  A necrophage (D:6)
  3 centaurs
  An ogre (D:6)
  Blork the orc (D:6)
  A gnoll sergeant (D:6)
  A scorpion (D:6)
  A wyvern skeleton (D:5)
  Dowan (D:6)
  A water moccasin skeleton (D:5)
  3 wights (D:6)
  2 hounds (D:6)
  3 centaur skeletons
  An iguana (D:6)
  Jessica (D:3)
  Ijyb (D:3)
  2 hound skeletons
  13 gnolls
  6 adders
  2 white imps
  2 ufetubi
  An adder skeleton (D:3)
  2 worms
  6 ball pythons
  9 endoplasms
  4 giant cockroaches
  6 hobgoblins
  6 jackals
  3 quokkas
  7 bats
  5 frilled lizards
  8 goblins
  6 kobolds
  5 rats
119 creatures vanquished.

Notes
Turn   | Place    | Note
-------+----------+-------------------------------------------
     0 | D:1      | Ishikawa the Gnoll Conjurer began the quest for the Orb.
     0 | D:1      | Reached XP level 1. HP: 13/13 MP: 6/6
    70 | D:1      | Found a faded altar of an unknown god.
   106 | D:1      | Reached XP level 2. HP: 19/19 MP: 3/7
   421 | D:1      | Reached XP level 3. HP: 25/25 MP: 2/9
   576 | D:2      | Reached skill level 5 in Spellcasting
   582 | D:2      | Reached skill level 1 in Invocations
   727 | D:2      | Reached skill level 1 in Fighting
   727 | D:2      | Reached skill level 1 in Short Blades
   727 | D:2      | Reached skill level 1 in Long Blades
   727 | D:2      | Reached skill level 1 in Axes
   727 | D:2      | Reached skill level 1 in Maces & Flails
   727 | D:2      | Reached skill level 1 in Polearms
   727 | D:2      | Reached skill level 1 in Staves
   727 | D:2      | Reached skill level 1 in Slings
   727 | D:2      | Reached skill level 1 in Bows
   727 | D:2      | Reached skill level 1 in Crossbows
   727 | D:2      | Reached skill level 1 in Throwing
   727 | D:2      | Reached skill level 1 in Armour
   727 | D:2      | Reached skill level 1 in Shields
   727 | D:2      | Reached skill level 1 in Unarmed Combat
   727 | D:2      | Reached skill level 1 in Evocations
   945 | D:2      | Reached XP level 4. HP: 32/32 MP: 3/11
  1096 | D:2      | Learned a level 2 spell: Searing Ray
  1211 | D:2      | Reached skill level 1 in Hexes
  1211 | D:2      | Reached skill level 1 in Summonings
  1211 | D:2      | Reached skill level 1 in Necromancy
  1211 | D:2      | Reached skill level 1 in Translocations
  1211 | D:2      | Reached skill level 1 in Transmutations
  1211 | D:2      | Reached skill level 1 in Fire Magic
  1211 | D:2      | Reached skill level 1 in Ice Magic
  1211 | D:2      | Reached skill level 1 in Air Magic
  1211 | D:2      | Reached skill level 1 in Earth Magic
  1211 | D:2      | Reached skill level 1 in Poison Magic
  1215 | D:2      | Reached XP level 5. HP: 27/37 MP: 1/12
  1455 | D:2      | Learned a level 3 spell: Dazzling Flash
  1919 | D:3      | Noticed Ijyb
  2052 | D:3      | Killed Ijyb
  2228 | D:3      | Found an ancient bone altar of Kikubaaqudgha.
  2392 | D:3      | Noticed Jessica
  2396 | D:3      | Killed Jessica
  2416 | D:3      | Learned a level 4 spell: Iskenderun's Mystic Blast
  2695 | D:4      | Noticed Sigmund
  2700 | D:4      | Killed Sigmund
  2701 | D:4      | Reached skill level 5 in Dodging
  2701 | D:4      | Reached XP level 6. HP: 37/44 MP: 9/14
  2855 | D:4      | Noticed Grinder
  2877 | D:4      | Killed Grinder
  2878 | D:4      | Reached XP level 7. HP: 39/51 MP: 6/15
  3351 | D:4      | Found a hazy altar of Hepliaklqana.
  3507 | D:4      | Found a staircase to the Ecumenical Temple.
  3524 | Temple   | Entered the Ecumenical Temple
  3582 | Temple   | Became a worshipper of Sif Muna the Loreminder
  3846 | D:5      | Entered Level 5 of the Dungeon
  3936 | D:5      | Reached skill level 5 in Stealth
  4128 | D:5      | Found a runed translucent gate.
  4130 | D:5      | Found a runed translucent gate.
  4130 | D:5      | Found a runed translucent gate.
  4131 | D:5      | Noticed LemonRage's ghost (novice DEIE)
  4135 | D:5      | Identified the +0 ring mail of Misanthropy {rF+ Will+ Str+4
                  | Int-3}
  4543 | D:5      | Reached XP level 8. HP: 49/57 MP: 10/16
  4884 | D:6      | Found a transporter.
  4884 | D:6      | Noticed a boulder beetle
  4886 | D:6      | Found a transporter.
  4886 | D:6      | Noticed BOMJPIETVODKU's ghost (amateur DrTm)
  4903 | D:6      | Noticed Blork the orc
  4909 | D:6      | Killed Blork the orc
  5166 | D:6      | Reached * piety under Sif Muna
  5510 | D:6      | Reached XP level 9. HP: 65/65 MP: 13/18
  5540 | D:6      | Found an ornate altar of the Wu Jian Council.
  5542 | D:6      | Found a radiant altar of Vehumet.
  5543 | D:6      | Noticed Dowan
  5554 | D:6      | Noticed Duvessa
  5563 | D:6      | Killed Dowan
  5618 | D:6      | Killed Duvessa
  6324 | D:6      | Killed BOMJPIETVODKU's ghost
  6348 | D:6      | HP: 2/65 [boulder beetle (14)]
  6349 | D:6      | Demolished by a boulder beetle

Illustrated notes

Levels and vault maps discovered:
D:1:      grunt_arrival_crossed_arrows, layout_rooms,
          hellmonk_ecumenical_altar_leap_of_faith, minmay_misc_feat_plants
D:2:      layout_rooms
D:3:      layout_loops_cross, mainiacjoe_overflow_cross_hatched,
          feat_on_display, uniq_ijyb, uniq_jessica
D:4:      layout_loops_corners, lemuel_doored_altar, minmay_temple_entry_trees,
          uniq_grinder, uniq_sigmund
D:5:      layout_basic, biasface_ghost_orc_armoury
D:6:      layout_basic, mainiacjoe_overflow_catwalk_spiral,
          gammafunk_ghost_arena, amcnicky_mini_rare_corridor_liquid,
          uniq_duvessa, uniq_blork_the_orc
Temple:   regret_index_temple_waves

Skill      XL: |  1  2  3  4  5  6  7  8  9 |
---------------+----------------------------+-----
Spellcasting   | 5 6 |  6.5
Invocations    | 1 2 3 4 |  4.4
Fighting       | 1 2 3 4 |  4.0
Short Blades   | 1 2 3 4 |  4.0
Long Blades    | 1 2 3 4 |  4.0
Axes           | 1 2 3 4 |  4.0
Maces & Flails | 1 2 3 4 |  4.0
Polearms       | 1 2 3 4 |  4.0
Staves         | 1 2 3 4 |  4.0
Slings         | 1 2 3 4 |  4.0
Bows           | 1 2 3 4 |  4.0
Crossbows      | 1 2 3 4 |  4.0
Throwing       | 1 2 3 4 |  4.0
Armour         | 1 2 3 4 |  4.0
Shields        | 1 2 3 4 |  4.0
Unarmed Combat | 1 2 3 4 |  4.0
Evocations     | 1 2 3 4 |  4.0
Hexes          | 1 2 3 |  3.3
Summonings     | 1 2 3 |  3.3
Necromancy     | 1 2 3 |  3.3
Translocations | 1 2 3 |  3.3
Transmutations | 1 2 3 |  3.3
Fire Magic     | 1 2 3 |  3.3
Ice Magic      | 1 2 3 |  3.3
Air Magic      | 1 2 3 |  3.3
Earth Magic    | 1 2 3 |  3.3
Poison Magic   | 1 2 3 |  3.3
Dodging        | 5 6 |  6.1
Stealth        | 5 |  5.9
Conjurations   | |  7.9

Action                   |  1- 3 |  4- 6 |  7- 9 || total
-------------------------+-------+-------+-------++-------
Melee: Short sword       |    18 |    16 |       ||    34
       Bite              |     2 |     4 |       ||     6
       Halberd           |       |    21 |       ||    21
       Club              |       |    17 |    23 ||    40
 Cast: Magic Dart        |    59 |    29 |    32 ||   120
       Searing Ray       |       |     9 |    33 ||    42
       Iskenderun's Myst |       |       |     1 ||     1
  Use: Scroll            |       |     4 |     6 ||    10
       Potion            |       |     1 |     3 ||     4
 Stab: Sleeping          |       |     3 |     1 ||     4
Armor: Robe              |     8 |    13 |    12 ||    33
Dodge: Dodged            |    21 |    46 |    39 ||   106
